 Dungeon Sprint DCSS version 0.27.1-2-g3b301248ec (webtiles) character file.

Game seed: 11600072778629276021

884 boopmooplesden the Fighter (level 7, -2/66 HPs)
             Began as a Minotaur Fighter on Sept 23, 2021.
             Slain by a merfolk siren (5 damage)
             ... in the Dungeon (Sprint II: "The Violet Keep of Menkaure").
             The game lasted 00:02:31 (610 turns).

boopmooplesden the Fighter (Minotaur Fighter)        Turns: 610, Time: 00:02:32

Health: -2/66      AC:  9    Str: 20    XL:     7   Next: 76%
Magic:  6/6        EV: 10    Int:  5    God:
Gold:   729        SH: 12    Dex:  8    Spells: 6/6 levels left

rFire    . . .     SeeInvis .   a - +0 long sword
rCold    . . .     Faith    .   c - +0 kite shield
rNeg     . . .     Spirit   .   b - +0 scale mail
rPois    .         Reflect  .   (helmet restricted)
rElec    .         Harm     .   (no cloak)
rCorr    .         Rampage  .   (no gloves)
Will     .....     NoTele   +   (no boots)
Stlth    ..........             (no amulet)
HPRegen  0.00/turn              (no ring)
MPRegen  0.10/turn              (no ring)

@: unable to read, inhibited regen
A: horns 2, retaliatory headbutt, clumsy 1, frail 1, screaming 1, inhibited
regeneration, weak 1, inability to read while threatened
a: no special abilities


You were in the Dungeon.
You visited 1 branch You collected 729 gold pieces.

Inventory:

Hand Weapons
 a - a +0 long sword (weapon)
Armour
 b - a +0 scale mail (worn)
 c - a +0 kite shield (worn)
Scrolls
 j - a scroll of blinking
Potions
 d - a potion of might
 g - a potion of haste
 h - 2 potions of magic


   Skills:
 + Level 11.0 Fighting
 + Level 8.8 Long Blades
 + Level 11.0 Armour
 + Level 3.6 Dodging
 + Level 10.9 Shields


You had 6 spell levels left.
You didn't know any spells.
Your spell library was empty.

Dungeon Overview and Level Annotations

Branches:
Dungeon (1/1)

Altars:


Innate Abilities, Weirdness & Mutations

You have a pair of horns on your head.
You reflexively headbutt those who attack you in melee.
You are clumsy. (Dex -2)
You are frail. (-10% HP)
You occasionally shout uncontrollably at your foes.
You do not regenerate when monsters are visible.
You are weak. (Str -2)
You sometimes lose the ability to read scrolls when taking damage.


Message History

You headbutt the boulder beetle.
You hit the boulder beetle but do no damage.
The boulder beetle is lightly wounded.
The boulder beetle bites you.
You hit the boulder beetle but do no damage.
The boulder beetle is lightly wounded.
The boulder beetle leaps!
You barely miss the boulder beetle.
The boulder beetle is lightly wounded.
You block the boulder beetle's attack.
You open the door.
A merfolk siren comes into view. It is wielding a +0 spear.
The merfolk siren shouts!
The boulder beetle leaps!
Found 243 gold pieces.
You close the door.
A merfolk siren opens the door.
The boulder beetle leaps!
The merfolk siren hits you but does no damage.
There is an open door here.
You hit the merfolk siren but do no damage.
The merfolk siren hits you with a +0 spear.
* * * LOW HITPOINT WARNING * * *
The merfolk siren barely misses you.
You completely miss the merfolk siren. You block the boulder beetle's attack.
The merfolk siren hits you with a +0 spear!
* * * LOW HITPOINT WARNING * * *
You slash the merfolk siren!
The merfolk siren is moderately wounded.
The boulder beetle bites you.
* * * LOW HITPOINT WARNING * * *
The merfolk siren barely misses you.
You barely miss the merfolk siren.
You headbutt the merfolk siren, but do no damage.
The merfolk siren is moderately wounded.
The boulder beetle leaps!
You block the merfolk siren's attack.
The boulder beetle leaps!
Unknown command.
You hit the merfolk siren but do no damage.
The merfolk siren is moderately wounded.
The merfolk siren hits you with a +0 spear.
You die...

≈≈≈≈.##'##..# ≈≈≈
##.#.##.#### ≈
#..#..#....#
#####.#####..##
#.###+###.##..#
#..##°##...#..#
##.'.<.'###+..###
#.##.##...#....#
#.###@###.##...§..≈≈
## #.m°####≈≈.....○#
#..#B.# ≈≈≈≈≈≈..≈#
##. .##≈§≈≈≈≈§≈.≈#
## ##≈≈§§≈≈≈≈≈§≈#
≈≈≈≈≈≈§≈≈≈≈≈#
+++#≈≈≈≈§§≈§§#


You could see a boulder beetle and a merfolk siren.

Vanquished Creatures
  4 neqoxecs (D)
  Menkaure (D)
  4 scorpions (D)
9 creatures vanquished.

Vanquished Creatures (others)
  A water moccasin (D)
1 creature vanquished.

Grand Total: 10 creatures vanquished

Notes
Turn   | Place    | Note
-------+----------+-------------------------------------------
     0 | D        | boopmooplesden the Minotaur Fighter began the quest for the
                  | Orb.
     0 | D        | Reached XP level 1. HP: 19/19 MP: 0/0
     1 | D        | Noticed a neqoxec
     1 | D        | Noticed a neqoxec
     1 | D        | Noticed a neqoxec
     1 | D        | Noticed a neqoxec
     1 | D        | Gained mutation: You are weak. (Str -2) [a neqoxec]
     1 | D        | Gained mutation: You are clumsy. (Dex -2) [a neqoxec]
    14 | D        | Gained mutation: You sometimes lose the ability to read
                  | scrolls when taking damage. [a neqoxec]
    15 | D        | Killed a neqoxec
    16 | D        | Reached skill level 1 in Dodging
    16 | D        | Reached XP level 2. HP: 34/34 MP: 1/1
    16 | D        | Reached XP level 3. HP: 39/39 MP: 2/2
    16 | D        | Reached XP level 4. HP: 47/47 MP: 3/3
    18 | D        | Gained mutation: You do not regenerate when monsters are
                  | visible. [a neqoxec]
    19 | D        | Killed a water moccasin
    23 | D        | Killed a neqoxec
    24 | D        | Reached skill level 5 in Long Blades
    24 | D        | Reached XP level 5. HP: 5/56 MP: 4/4
    27 | D        | Gained mutation: You are frail. (-10% HP) [a neqoxec]
    33 | D        | Killed a neqoxec
    34 | D        | Reached XP level 6. HP: 30/59 MP: 5/5
    39 | D        | Gained mutation: You occasionally shout uncontrollably at
                  | your foes. [a neqoxec]
    40 | D        | Killed a neqoxec
    41 | D        | Reached skill level 10 in Fighting
    41 | D        | Reached skill level 10 in Armour
    41 | D        | Reached skill level 10 in Shields
    41 | D        | Reached XP level 7. HP: 15/64 MP: 6/6
   548 | D        | Noticed a boulder beetle
   548 | D        | Noticed a boulder beetle
   556 | D        | Noticed an ice statue
   558 | D        | Noticed Menkaure
   563 | D        | Killed Menkaure
   603 | D        | Noticed a merfolk siren
   608 | D        | HP: 3/66 [boulder beetle (5)]
   610 | D        | Slain by a merfolk siren

Illustrated notes

Levels and vault maps discovered:
D:        the_violet_keep_of_menkaure [sprint2_stairs_cluster_1,
          sprint2_shoproom, sprint2_temple, sprint2_basic_supplies,
          sprint2_obstacle_7, sprint2_obstacle_6, sprint2_obstacle_2,
          sprint2_obstacle_5, sprint2_obstacle_3, sprint2_timed_cluster_1,
          sprint2_smallroom_cluster_1, sprint2_smallroom_final_cluster_1,
          sprint2_transparent_cluster_1, sprint2_second_timed_cluster_1,
          sprint2_sniper_area_1, sprint2_heavy_combat_area_1,
          sprint2_mutation_trap_area_1, sprint2_forest_area_1,
          sprint2_light_combat_area_1, sprint2_behind_water_1,
          sprint2_near_end_vault_1]

Skill      XL: |  1  2  3  4  5  6  7 |
---------------+----------------------+-----
Fighting       | 7 8 9 10 11 | 11.0
Long Blades    | 4 5 6 7 8 |  8.8
Armour         | 7 9 10 11 | 11.0
Dodging        | 1 2 3 |  3.6
Shields        | 7 8 9 10 | 10.9

Action                   |  1- 3 |  4- 6 |  7- 9 || total
-------------------------+-------+-------+-------++-------
Melee: Long sword        |    13 |    24 |    44 ||    81
       Headbutt          |       |     4 |    14 ||    18
  Use: Potion            |     1 |     1 |     1 ||     3
Armor: Scale mail        |     1 |     7 |     9 ||    17
Dodge: Dodged            |     2 |     7 |    10 ||    19
Block: Kite shield       |     2 |    10 |    23 ||    35
       Rpst.: Long sword |       |     4 |     3 ||     7
